 Dungeon Crawl Stone Soup version 0.28-a0-1506-g3893175d92 (webtiles) character file.

Game seed: 10613635734678727117

0 meatgazer the Skirmisher (level 1, -4/18 HPs)
             Began as a Demonspawn Abyssal Knight on Jan 13, 2022.
             Was a Follower of Lugonu.
             Slain by an Executioner (22 damage)
             ... on level 4 of the Abyss.
             The game lasted 00:00:30 (172 turns).

meatgazer the Skirmisher (Demonspawn Abyssal Knight) Turns: 172, Time: 00:00:30

Health: -4/18      AC:  3    Str: 13    XL:     1   Next: 0%
Magic:  2/2        EV: 11    Int: 11    God:    Lugonu [*.....]
Gold:   0          SH:  0    Dex: 13    Spells: 0/0 levels left

rFire   . . .      SeeInvis .   a - +1 falchion
rCold   . . .      Faith    .   (no shield)
rNeg    . . .      Spirit   .   b - +0 leather armour
rPois   .          Reflect  .   (no helmet)
rElec   .          Harm     .   (no cloak)
rCorr   .          Rampage  .   (no gloves)
Will    .....                   (no boots)
Stlth   +.........              (no amulet)
HPRegen 0.06/turn               (no ring)
MPRegen 0.08/turn               (no ring)

@: no status effects
A: no striking features
a: Renounce Religion, Depart the Abyss


You were on level 4 of the Abyss.
You worshipped Lugonu.
Lugonu was aware of your devotion.
You visited 0 branches of the dungeon, and saw 0 of its levels.
You visited the Abyss 1 time.

Inventory:

Hand Weapons
 a - a +1 falchion (weapon)
Armour
 b - a +0 leather armour (worn)


   Skills:
 + Level 3.0 Fighting
 + Level 1.7 Long Blades
 + Level 1.7 Armour
 + Level 0.8 Dodging
 + Level 2.4 Invocations


You couldn't memorise any spells.
You didn't know any spells.
Your spell library was empty.

Dungeon Overview and Level Annotations

Branches:
Dungeon (0/15)

Altars:


Message History

Press ? for a list of commands and other information.
Found a corrupted altar of Lugonu.
Found a gateway leading deeper into the Abyss.
Found a gateway leading out of the Abyss.
There is a gateway leading deeper into the Abyss here.
You plunge deeper into the Abyss.
Found a gateway leading deeper into the Abyss.
A raiju comes into view.
A raiju comes into view.
There is a gateway leading deeper into the Abyss here.
The raiju barks!
You hear a bark! x2
You plunge deeper into the Abyss.
The abyssal rune of Zot can be found at this depth.
Found a corrupted altar of Lugonu.
Found a gateway leading deeper into the Abyss.
A spatial maelstrom comes into view.
There is a gateway leading deeper into the Abyss here.
You plunge deeper into the Abyss.
The abyssal rune of Zot can be found at this depth.
A red draconian comes into view. It is wielding a +0 war axe.
A lich comes into view.
The lich shouts!
Found a gateway leading out of the Abyss.
A tentacled starspawn comes into view.
A tentacle flies out from the starspawn's body!
A small abomination comes into view.
A starspawn tentacle comes into view.
A starspawn tentacle comes into view.
An Executioner comes into view.
Tentacles burst from the starspawn's body!
The Executioner moves out of view. 2 starspawn tentacles come into view.
The Executioner gives a hideous shriek!
You hear a shout!
The Executioner gestures.
The Executioner seems to speed up.
An apocalypse crab and a lich come into view.
The lich shouts!
The Executioner hits you!!
Ouch! That really hurt!
You die...

#.# .. ###. #
##.#.# ##. ...#.
#.. ##
#.tL##.### . #.#
#....1...# ..
#.#####@### ..
#....#.#..#
.#..##.#....####
..# .X.#.......#
#.###.#.##....#
#. ..#.##.##.##
#....#.. #.#
##..#.## #..
#...∩.# ...


You could see a lich, an Executioner (fast) and an apocalypse crab.

Vanquished Creatures (others)
  4 starspawn tentacles (Abyss:4)
4 creatures vanquished.

Notes
Turn   | Place    | Note
-------+----------+-------------------------------------------
     0 | Abyss:1  | meatgazer the Demonspawn Abyssal Knight began the quest for
                  | the Orb.
     0 | Abyss:1  | Reached XP level 1. HP: 18/18 MP: 2/2
    48 | Abyss:2  | Noticed a raiju
    48 | Abyss:2  | Noticed a raiju
    49 | Abyss:2  | Noticed a raiju
    50 | Abyss:2  | Noticed a raiju
    52 | Abyss:3  | Found a corrupted altar of Lugonu.
    82 | Abyss:3  | Noticed a ynoxinul
    83 | Abyss:3  | Noticed a spatial maelstrom
   144 | Abyss:4  | Noticed a red draconian
   159 | Abyss:4  | Noticed a lich
   164 | Abyss:4  | Noticed a tentacled starspawn
   165 | Abyss:4  | Noticed a small abomination
   170 | Abyss:4  | Noticed an Executioner
   172 | Abyss:4  | Noticed an apocalypse crab
   172 | Abyss:4  | Noticed a lich
   172 | Abyss:4  | Slain by an Executioner

Illustrated notes

Levels and vault maps discovered:
Abyss:4:  base: Temple, base:
Temple

Table legend: (Time is in decaauts)
 A = Elapsed time spent in this place.
 B = Non-inter-level travel time spent in this place.
 C = Inter-level travel time spent in this place.
 D = Time resting spent in this place.
 E = Time spent auto-exploring this place.
 F = Levels seen in this place.
 G = Mean time per level.
                   A        B        C        D        E       F      G
               +--------+--------+--------+--------+--------+-----+--------+
         Total |    171 |    171 |      0 |      0 |    112 |   4 |   42.8 |
         Abyss |    171 |    171 |      0 |      0 |    112 |   4 |   42.8 |
               +--------+--------+--------+--------+--------+-----+--------+

Top non-repeatable levels by time:
 Abyss:4: 84 daAuts
 Abyss:3: 36 daAuts
 Abyss:2: 31 daAuts
 Abyss:1: 18 daAuts
